 Dungeon Crawl Stone Soup version 0.31.0-1-g2c135a008e (webtiles) character file.

Game seed: 10851817601732684054

1999 qw the Shooter (level 9, -1/65 HPs)
             Began as a Djinni Hunter on Jan 24, 2024.
             Was a Priest of Okawaru.
             Killed by divine providence
             ... invoked by an orc priest
              (16 damage)
             ... on level 8 of the Dungeon.
             The game lasted 00:00:26 (5581 turns).

qw the Shooter (Djinni Hunter)                      Turns: 5581, Time: 00:00:27

Health: -1/65      AC:  8    Str: 16    XL:     9   Next: 45%
Gold:   238        EV: 16    Int: 10    God:    Okawaru [***...] SH:  0 Dex: 22

rFire   + + .        h - +0 arbalest
rCold   x . .        (shield currently unavailable)
rNeg    . . .        f - +0 leather armour {Will+}
rPois   inf          g - +0 helmet
rElec   .            j - +0 cloak
rCorr   .            c - +2 pair of gloves
SInv    .            (boots unavailable)
Will    +....        b - amulet of faith
Stlth   ++           a - +6 ring of strength
HPRegen 0.30/turn    (no ring)
MPRegen 0.00/turn

%: faith, infuse magic (-2 HP)
@: flying
A: sickness immunity, fire resistance 2, cold vulnerability 1, float, innate
caster, HP casting, extra vitality 1
a: Renounce Religion, Heroism


You were on level 8 of the Dungeon.
You worshipped Okawaru.
Okawaru was most pleased with you.
You visited 2 branches of the dungeon, and saw 9 of its levels.

You collected 354 gold pieces.
You spent 116 gold pieces at shops.


Innate Abilities, Weirdness & Mutations

You are immune to sickness and miasma.
You are immune to poison.
Your flesh is very heat resistant. (rF++)
You are vulnerable to cold. (rC-)
You float through the air rather than walking.
You learn spells naturally, not from books.
Your magical power is your life essence.
You have superior vitality. (+4 MHP)


   Skills:
 - Level 5.0 Fighting
 + Level 7.4 Ranged Weapons
 - Level 2.3 Armour
 - Level 6.1 Dodging
 - Level 0.7 Stealth
 - Level 4.2 Invocations


You knew the following spells:

 Your Spells              Type           Power      Damage    Failure   Level
a - Freeze                Ice            0%         1d3       41%         1
b - Call Imp              Summ           0%         N/A       56%         2
c - Mercury Vapours       Alch/Air       0%         N/A       56%         2
d - Inner Flame           Hex/Fire       0%         N/A       80%         3
Your spell library was empty.

Inventory:

Hand Weapons
 h - a +0 arbalest (weapon)
Armour
 c - a +2 pair of gloves (worn)
 d - a +0 ring mail
 f - a +0 leather armour of willpower (worn)
 g - a +0 helmet (worn)
 j - a +0 cloak (worn)
Jewellery
 a - a +6 ring of strength (left hand)
 b - an amulet of faith (around neck)
Wands
 e - a wand of light (8)
 k - a wand of polymorph (8)
Scrolls
 i - a scroll of teleportation
 n - 5 scrolls of identify
Potions
 m - 3 potions of curing
 p - 2 potions of heal wounds

Dungeon Overview and Level Annotations

Branches:
Dungeon (8/15)             Temple (1/1) D:4
   Lair: D:8-11

Altars:
Dithmenos
Elyvilon
Fedhas
Gozag
Makhleb
Okawaru
Qazlal
Trog
Uskayaw
Wu Jian
Xom
Yredelemnul
Zin
The Shining One

Shops:
D:2 *   D:3 ?


Message History

The orc warrior is moderately wounded.
A nearby demonic plant withers and dies. x2
The orc hits the demonic plant with a +0 dagger.
The demonic plant begins to die.
You shoot a bolt. The bolt hits the orc wizard.
The orc wizard is moderately wounded.
The orc wizard misses you.
You shoot a bolt. The bolt barely misses the orc wizard.
A nearby demonic plant withers and dies.
The orc wizard misses you.
The orc priest invokes the aid of Beogh against you.
You easily resist.
The orc warrior completely misses you. The orc wizard misses you.
You shoot a bolt. The bolt barely misses the orc wizard.
A nearby demonic plant withers and dies.
The orc wizard hits you but does no damage.
The orc warrior throws a boomerang.
The boomerang hits you but does no damage.
The orc warrior hits you from afar with a +0 halberd!
The orc wizard barely misses you.
You shoot a bolt. The bolt hits the orc wizard!!
You kill the orc wizard!
Okawaru accepts your kill. The orc warrior completely misses you.
You shoot a bolt.
The bolt completely misses the orc priest.
The orc warrior throws a boomerang.
The boomerang hits you!
The orc priest calls down the wrath of Beogh upon you.
Beogh smites you! The orc priest completely misses you.
The orc warrior closely misses you.
You shoot a bolt.
The bolt hits the orc priest but does no damage.
The orc warrior hits you from afar with a +0 halberd!
The orc priest closely misses you.
You shoot a bolt.
The bolt hits the orc priest but does no damage.
The orc warrior barely misses you. The orc priest hits you with a +0 club.
The orc priest calls down the wrath of Beogh upon you.
Beogh smites you!
You die...

# #. #.### #.)..
###.¤~o ....~¤o
###....#######
>.....o@.....#
############.####
#.........#
#.##.#.##.#
#...##.#
#####.####.#
.....#....#
####..#.#####
####
#...........#
#...


You could see an orc warrior, an orc priest and an orc.

Vanquished Creatures
  A wyvern (D:5)
  A sky beast (D:8)
  A black bear (D:4)
  2 ice beasts
  A centaur (D:4)
  A phantom (D:5)
  2 bullfrogs (D:7)
  2 scorpions (D:7)
  3 wights (D:7)
  A howler monkey (D:4)
  2 bombardier beetles
  4 hounds
  5 jellies
  2 orc priests (D:4)
  Ijyb (D:4)
  A sleepcap (D:5)
  2 iguanas
  8 orc wizards
  Robin (D:4)
  4 gnolls (D:6)
  4 adders
  A shadow imp (D:6)
  2 white imps
  An ufetubus (D:8)
  A ribbon worm (D:3)
  2 dart slugs (D:2)
  19 orcs
  3 ball pythons
  4 endoplasms
  2 giant cockroaches
  12 goblins
  3 hobgoblins
  4 jackals (D:5)
  4 kobolds
  5 quokkas
  3 bats (D:2)
  3 frilled lizards
  3 rats
121 creatures vanquished.

Notes
Turn   | Place    | Note
-------+----------+-------------------------------------------
     0 | D:1      | qw the Djinni Hunter began the quest for the Orb.
     0 | D:1      | Reached XP level 1. HP: 18/18 MP: 0/0
     0 | D:1      | 0 ||| qw: Version: 0.3-a-136-gdd3b4e8
     0 | D:1      | 0 ||| qw: Game counter: 1360
     0 | D:1      | 0 ||| qw: Melee chars always use a shield: true
     0 | D:1      | 0 ||| qw: God list: Okawaru
     0 | D:1      | 0 ||| qw: Allow faded altars: false
     0 | D:1      | 0 ||| qw: Do Orc after clearing Dungeon:15 true
     0 | D:1      | 0 ||| qw: Do second Lair branch before Depths: true
     0 | D:1      | 0 ||| qw: Lair rune preference: random
     0 | D:1      | 0 ||| qw: Goals: Normal
     0 | D:1      | 0 ||| PLANNING D:1-11
   328 | D:1      | Found Idop's Weapon Shoppe.
   494 | D:1      | Reached XP level 2. HP: 23/23 MP: 0/0
   499 | D:1      | 499 ||| UPGRADING to +0 ring mail.
   509 | D:1      | 509 ||| DROPPING +0 leather armour.
   510 | D:1      | 510 ||| READING scroll labelled AQEJIX TIENOCE.
   511 | D:1      | 511 ||| READING scroll labelled BER LUPPAELAT.
   512 | D:1      | 512 ||| READING 2 scrolls labelled LASEFATZ OSSAT.
   512 | D:1      | 512 ||| IDENTIFYING bubbling clear potion
   513 | D:1      | 513 ||| DRINKING potion of mutation.
   513 | D:1      | Gained mutation: Your health recovers twice as slowly from
                  | being drained. [potion of mutation]
   513 | D:1      | Gained mutation: You are covered in fur. (AC +1) [potion of
                  | mutation]
   514 | D:1      | 514 ||| READING scroll of identify.
   514 | D:1      | 514 ||| IDENTIFYING sedimented clear potion
   515 | D:1      | 515 ||| READING scroll labelled ROJUUKL BIKUXU.
   516 | D:1      | 516 ||| READING 2 scrolls labelled KIVEFE LAITWOU.
   517 | D:1      | 517 ||| READING scroll labelled VASHRYD TINYF.
   521 | D:1      | 521 ||| DRINKING 2 bubbling blue potions.
   522 | D:1      | 522 ||| DROPPING scroll of butterflies.
   523 | D:1      | 523 ||| DROPPING scroll of immolation.
   644 | D:2      | 644 ||| FLEEEEING.
   821 | D:2      | Reached skill level 4 in Ranged Weapons
   821 | D:2      | Reached XP level 3. HP: 28/28 MP: 0/0
   821 | D:2      | Learned a level 1 spell: Freeze
   872 | D:2      | Found Zeuseu's Assorted Antiques.
   875 | D:2      | 875 ||| SHOPLISTING 3 scrolls of teleportation (216 gold,
                  | have 72).
   875 | D:2      | 875 ||| SHOPLISTING large platinum amulet (120 gold, have
                  | 72).
   875 | D:2      | 875 ||| BUYING potion of curing (72 gold).
   875 | D:2      | Bought a potion of curing for 72 gold pieces
   875 | D:2      | 875 ||| SHOPLISTING scroll labelled DIACKU PULYMN (24 gold,
                  | have 0).
   875 | D:2      | 875 ||| SHOPLISTING scroll labelled PAESCHE UFYXI (24 gold,
                  | have 0).
   875 | D:2      | 875 ||| SHOPLISTING scroll of identify (48 gold, have 0).
   875 | D:2      | 875 ||| SHOPLISTING viscous dark potion (21 gold, have 0).
  1207 | D:2      | 1207 ||| UPGRADING to +0 cloak.
  1212 | D:2      | 1212 ||| UPGRADING to amulet of faith.
  1217 | D:2      | 1217 ||| READING 3 scrolls of identify.
  1217 | D:2      | 1217 ||| IDENTIFYING amethyst potion
  1218 | D:2      | 1218 ||| READING 2 scrolls of identify.
  1218 | D:2      | 1218 ||| IDENTIFYING yellow potion
  1219 | D:2      | 1219 ||| READING scroll of identify.
  1219 | D:2      | 1219 ||| IDENTIFYING fuming orange potion
  1220 | D:2      | 1220 ||| READING scroll labelled PAESCHE UFYXI.
  1221 | D:2      | 1221 ||| READING scroll labelled GACI XIRUEDIGG.
  1322 | D:2      | 1322 ||| DRINKING 2 fuming purple potions.
  1375 | D:2      | 1375 ||| DROPPING potion of ambrosia.
  1376 | D:2      | 1376 ||| DROPPING potion of lignification.
  1377 | D:2      | 1377 ||| DROPPING potion of invisibility.
  1397 | D:3      | Reached skill level 1 in Armour
  1419 | D:3      | Found a stormy altar of Qazlal.
  1747 | D:3      | Reached XP level 4. HP: 33/33 MP: 0/0
  1936 | D:3      | Reached skill level 3 in Fighting
  2058 | D:3      | Found Zupat's Magic Scroll Shop.
  2068 | D:3      | 2068 ||| SHOPLISTING scroll of enchant weapon (82 gold,
                  | have 51).
  2068 | D:3      | 2068 ||| BUYING scroll of identify (22 gold).
  2068 | D:3      | Bought a scroll of identify for 22 gold pieces
  2068 | D:3      | 2068 ||| BUYING scroll of identify (22 gold).
  2068 | D:3      | Bought a scroll of identify for 22 gold pieces
  2068 | D:3      | 2068 ||| SHOPLISTING scroll of teleportation (33 gold, have
                  | 7).
  2195 | D:3      | 2195 ||| READING 2 scrolls of identify.
  2195 | D:3      | 2195 ||| IDENTIFYING sapphire potion
  2196 | D:3      | 2196 ||| READING scroll of identify.
  2196 | D:3      | 2196 ||| IDENTIFYING ruby potion
  2197 | D:3      | 2197 ||| READING scroll labelled HEMOILOAQU.
  2197 | D:3      | 2197 ||| BRANDING +0 shortbow.
  2198 | D:3      | 2198 ||| DROPPING potion of degeneration.
  2199 | D:3      | 2199 ||| DROPPING potion of attraction.
  2311 | D:4      | Reached XP level 5. HP: 40/40 MP: 0/0
  2311 | D:4      | Learned a level 2 spell: Call Imp
  2337 | D:4      | Found a basalt altar of Yredelemnul.
  2346 | D:4      | Found a staircase to the Ecumenical Temple.
  2347 | D:4      | 2347 ||| PLANNING TEMPLE
  2347 | D:4      | 2347 ||| READING scroll labelled NECKEOMNOS.
  2356 | Temple   | Entered the Ecumenical Temple
  2357 | Temple   | 2357 ||| PLANNING OKAWARU WORSHIP
  2369 | Temple   | Became a worshipper of Warmaster Okawaru
  2370 | Temple   | 2370 ||| PLANNING D:1-11
  2422 | D:4      | Noticed a centaur
  2423 | D:4      | 2423 ||| DRINKING potion of haste.
  2424 | D:4      | 2424 ||| FLEEEEING.
  2426 | D:4      | 2426 ||| FLEEEEING.
  2427 | D:4      | 2427 ||| FLEEEEING.
  2428 | D:4      | 2428 ||| FLEEEEING.
  2429 | D:4      | 2429 ||| FLEEEEING.
  2430 | D:4      | 2430 ||| FLEEEEING.
  2431 | D:4      | 2431 ||| FLEEEEING.
  2439 | D:4      | Killed a centaur
  2440 | D:4      | Reached skill level 5 in Ranged Weapons
  2440 | D:4      | Reached XP level 6. HP: 19/46 MP: 0/0
  2560 | D:4      | Found a bloodstained altar of Trog.
  2600 | D:4      | Noticed Ijyb
  2607 | D:4      | 2607 ||| DRINKING 2 potions of curing.
  2607 | D:4      | 2607 ||| (to cure confusion)
  2614 | D:4      | 2614 ||| DRINKING potion of curing.
  2614 | D:4      | 2614 ||| (to cure confusion)
  2627 | D:4      | Killed Ijyb
  2627 | D:4      | Reached * piety under Okawaru
  2802 | D:4      | Noticed Robin
  2819 | D:4      | Killed Robin
  2819 | D:4      | HP: 10/46 [goblin/+0 dagger[Robin] (2)]
  2820 | D:4      | Reached skill level 3 in Dodging
  2820 | D:4      | 2820 ||| READING scroll of teleportation.
  2820 | D:4      | HP: 1/46 [hobgoblin/+0 spear[Robin] (4)]
  2821 | D:4      | 2821 ||| DRINKING potion of heal wounds.
  2881 | D:4      | Noticed a black bear
  2882 | D:4      | 2882 ||| INVOKING Heroism.
  2886 | D:4      | Killed a black bear
  2887 | D:4      | Reached XP level 7. HP: 27/52 MP: 0/0
  2887 | D:4      | Learned a level 2 spell: Mercury Vapours
  3032 | D:4      | Reached skill level 1 in Invocations
  3309 | D:4      | 3309 ||| SWAPPING to +0 arbalest.
  3310 | D:4      | 3310 ||| DROPPING +0 shortbow of flaming.
  3495 | D:4      | 3495 ||| UPGRADING to +1 pair of gloves.
  3500 | D:4      | 3500 ||| UPGRADING to +0 leather armour of willpower.
  3510 | D:4      | 3510 ||| UPGRADING to +0 helmet.
  3515 | D:4      | 3515 ||| READING scroll of identify.
  3515 | D:4      | 3515 ||| IDENTIFYING scroll labelled REG YCVUMPEIDYXULU
  3516 | D:4      | 3516 ||| DROPPING scroll of summoning.
  3535 | D:5      | Entered Level 5 of the Dungeon
  3620 | D:5      | Reached skill level 3 in Invocations
  3620 | D:5      | Reached XP level 8. HP: 58/58 MP: 0/0
  3793 | D:5      | Noticed a wyvern
  3794 | D:5      | 3794 ||| INVOKING Heroism.
  3802 | D:5      | Killed a wyvern
  3802 | D:5      | Reached ** piety under Okawaru
  4214 | D:5      | 4214 ||| UPGRADING to +6 ring of strength.
  4236 | D:6      | Reached skill level 6 in Ranged Weapons
  4282 | D:6      | 4282 ||| FLEEEEING.
  4482 | D:6      | Found a glowing silver altar of Zin.
  4578 | D:6      | 4578 ||| DRINKING potion of mutation.
  4578 | D:6      | Lost mutation: You are covered in fur. (AC +1) [potion of
                  | mutation]
  4578 | D:6      | Lost mutation: Your health recovers twice as slowly from
                  | being drained. [potion of mutation]
  4640 | D:6      | 4640 ||| DROPPING ring of wizardry.
  4641 | D:6      | 4641 ||| READING scroll of identify.
  4641 | D:6      | 4641 ||| IDENTIFYING lumpy puce potion
  4642 | D:6      | 4642 ||| READING scroll labelled SERUORR ZEONI.
  4743 | D:6      | 4743 ||| DROPPING potion of berserk rage.
  4801 | D:7      | 4801 ||| FLEEEEING.
  4802 | D:7      | 4802 ||| FLEEEEING.
  4803 | D:7      | 4803 ||| FLEEEEING.
  4804 | D:7      | 4804 ||| FLEEEEING.
  4805 | D:7      | 4805 ||| FLEEEEING.
  4806 | D:7      | 4806 ||| FLEEEEING.
  4807 | D:7      | 4807 ||| STAIRDANCE
  4915 | D:7      | Reached XP level 9. HP: 56/62 MP: 0/0
  4915 | D:7      | Learned a level 3 spell: Inner Flame
  4925 | D:7      | Reached skill level 7 in Ranged Weapons
  5109 | D:7      | Reached *** piety under Okawaru
  5251 | D:7      | Reached skill level 6 in Dodging
  5467 | D:7      | 5467 ||| READING 2 scrolls of identify.
  5467 | D:7      | 5467 ||| IDENTIFYING scroll labelled SEAWKECEAG
  5468 | D:7      | 5468 ||| READING scroll of enchant armour.
  5468 | D:7      | 5468 ||| ENCHANTING +1 pair of gloves.
  5570 | D:8      | Identified the +5 scale mail of the Everdark {*Slow +Blink
                  | rCorr Stlth+}
  5581 | D:8      | HP: 15/65 [orc priest/+0 club (3)]
  5581 | D:8      | Killed from afar by an orc priest

Levels and vault maps discovered:
D:1:      dpeg_arrival_round_a, layout_rooms, serial_shops,
          nicolae_shop_statue_plus
D:2:      layout_loops_ring, serial_shops, nicolae_shop_real_fake_doors,
          minmay_door_square
D:3:      layout_loops_corners, nicolae_qazlal_scattered_showers, serial_shops,
          nicolae_shop_tiny_glass
D:4:      layout_gridville, kennysheep_little_box, lemuel_crystal_altar,
          minmay_temple_entry_antechambers, uniq_robin, uniq_ijyb
D:5:      layout_cave_pools, kennysheep_generic_room_4
D:6:      layout_rooms, zin_academy, serial_park_tiny_2, serial_park_tiny_pond
D:7:      layout_gridville
D:8:      layout_basic, nemelex_spade_bored_becter,
          mainiacjoe_overflow_boulevard, serial_demonic, serial_demonic_g,
          serial_demonic_b, serial_demonic_d, serial_demonic_a,
          serial_demonic_d, serial_demonic_e, item_on_display_a
Temple:   compressed_dpeg_triangle_lava_temple

Skill      XL: |  1  2  3  4  5  6  7  8  9 |
---------------+----------------------------+-----
Ranged Weapons | 4 5 6 7 |  7.4
Armour         | 1 2 |  2.3
Fighting       | 3 4 5 |  5.0
Dodging        | 3 5 6 |  6.1
Invocations    | 3 4 |  4.2
Stealth        | |  0.7

Action                     |  1- 3 |  4- 6 |  7- 9 || total
---------------------------+-------+-------+-------++-------
   Fire: Shortbow          |    70 |   111 |    66 ||   247
         Arbalest          |       |       |   185 ||   185
 Invoke: Heroism           |       |     1 |     1 ||     2
    Use: Scroll            |    12 |     5 |     5 ||    22
         Potion            |     3 |     4 |     1 ||     8
 Armour: Leather armour    |     1 |       |    66 ||    67
         Ring mail         |    21 |    94 |    53 ||   168
  Dodge: Dodged            |    12 |    56 |   117 ||   185

Table legend:
 A = Non-vault XP
 B = Vault XP
 C = Vault XP percentage of total XP
 D = Non-vault monster count
 E = Vault monster count
 F = Vault count percentage of total count
                 A         B        C        D         E       F
            +---------+---------+-------+---------+---------+-------
      Total |    2762 |      94 |   3.3 |     106 |      15 |  12.4
            +---------+---------+-------+---------+---------+-------
        D:1 |      10 |       0 |   0.0 |       6 |       0 |   0.0
        D:2 |      45 |       0 |   0.0 |      12 |       0 |   0.0
        D:3 |      69 |       0 |   0.0 |      12 |       0 |   0.0
        D:4 |     618 |      74 |  10.7 |      26 |      12 |  31.6
        D:5 |     593 |       2 |   0.3 |      13 |       1 |   7.1
        D:6 |     480 |       0 |   0.0 |      17 |       0 |   0.0
        D:7 |     776 |       0 |   0.0 |      17 |       0 |   0.0
        D:8 |     171 |      18 |   9.5 |       3 |       2 |  40.0
            +---------+---------+-------+---------+---------+-------
